Map: Jagannatha LE

Players

MCannix - Winner!

  • Race: Protoss Protoss
  • League: Grandmaster

A.I. 1 (Elite)

  • Race: Terran Terran

VOD

Have the link to the VOD?

Description

Time

  • Played on: April 14, 2021, 11:47 a.m.
  • Length: 6:40
Show
View Real Time Build Order
Export as new Build Order

MCannix Protoss - Winner!

Build Orders: 1 Gate Expand, Dark Templar Rush 

Get SALT Encoding   

  12  0:00  Probe  
  13  0:12  Probe  
  14  0:17  Pylon  
  14  0:24  Probe  
  15  0:36  Probe (Chrono Boost), Gateway  
  16  0:46  Probe (Chrono Boost)  
  17  0:51  Probe (Chrono Boost)  
  17  0:54  Assimilator  
  18  1:03  Probe  
  19  1:15  Probe  
  20  1:25  Nexus  
  20  1:35  Cybernetics Core  
  20  1:36  Probe  
  21  1:43  Assimilator  
  21  1:48  Probe  
  22  1:54  Pylon  
  22  2:01  Probe  
  23  2:10  Adept (Chrono Boost)  
  23  2:13  Probe (Chrono Boost), Warp Gate  
  27  2:23  Probe (Chrono Boost)  
  27  2:27  Probe (Chrono Boost), Twilight Council  
  28  2:37  Stalker (Chrono Boost)  
  28  2:38  Probe  
  28  2:39  Probe  
  32  2:50  Probe  
  33  2:51  Probe  
  33  2:53  Pylon  
  34  3:03  Probe x2 (Chrono Boost)  
  36  3:11  Dark Shrine  
  36  3:15  Probe (Chrono Boost)  
  38  3:20  Probe (Chrono Boost)  
  38  3:23  Probe (Chrono Boost)  
  38  3:27  Probe (Chrono Boost)  
  40  3:30  Probe (Chrono Boost), Gateway  
  40  3:32  Gateway  
  41  3:37  Charge  
  41  3:38  Probe (Chrono Boost)  
  42  3:48  Probe (Chrono Boost)  
  44  3:49  Probe (Chrono Boost)  
  44  3:50  Pylon  
  44  3:54  Probe x2 (Chrono Boost)  
  45  3:56  Assimilator  
  45  3:58  Assimilator  
  46  4:05  Probe  
  46  4:06  Probe  
  48  4:17  Pylon, Probe  
  48  4:18  Probe  
  50  4:24  Dark Templar  
  50  4:26  Dark Templar  
  50  4:28  Dark Templar  
  50  4:29  Shadow Stride (Chrono Boost)  
  56  4:35  Gateway x2  
  56  4:37  Gateway  
  56  4:43  Gateway  
  56  4:51  Probe  
  57  4:55  Pylon x2  
  57  4:57  Gateway  
  57  5:12  Pylon, Dark Templar x3  
  63  5:14  Pylon  
  61  5:32  Dark Templar  
  61  5:33  Zealot, Dark Templar  
  67  5:36  Pylon  
  67  5:50  Dark Templar  
  67  5:51  Zealot x3  
  75  6:01  Zealot x2  
  79  6:05  Probe  
  79  6:09  Dark Templar x2  
  84  6:13  Zealot x3  
  90  6:25  Zealot x3  
Show
View Real Time Build Order
Export as new Build Order

A.I. 1 (Elite) Terran 

Build Orders:  

Get SALT Encoding   

  12  0:00  SCV  
  13  0:13  SCV  
  14  0:18  Supply Depot  
  14  0:25  SCV  
  15  0:39  SCV  
  15  0:42  Barracks  
  16  0:52  SCV  
  17  1:04  SCV  
  18  1:10  Refinery  
  18  1:13  Supply Depot  
  18  1:16  SCV  
  19  1:28  SCV  
  19  1:30  Marine  
  21  1:44  Command Center  
  21  2:09  SCV, Barracks  
  21  2:12  Marine  
  21  2:14  Factory  
  23  2:22  SCV  
  24  2:25  Supply Depot  
  24  2:31  Marine  
  24  2:34  SCV  
  26  2:46  SCV  
  26  2:49  Marine  
  28  2:56  Orbital Command  
  28  2:58  SCV  
  29  3:00  Factory Tech Lab  
  29  3:05  Refinery  
  29  3:13  Orbital Command  
  29  3:14  Marine  
  29  3:18  Marine  
  31  3:23  SCV  
  32  3:32  Marine  
  33  3:35  SCV  
  33  3:36  Marine  
  33  3:38  SCV  
  36  3:46  Barracks  
  36  3:48  SCV  
  37  3:50  SCV, Marine  
  37  3:55  Barracks Tech Lab  
  39  4:00  SCV  
  39  4:02  Supply Depot  
  40  4:03  SCV  
  40  4:09  Barracks Tech Lab  
  41  4:12  SCV  
  41  4:13  Starport, Marine  
  41  4:15  SCV  
  44  4:22  Engineering Bay  
  45  4:24  SCV  
  45  4:31  Marine  
  45  4:33  Stimpack  
  46  4:40  Marauder  
  46  4:43  Refinery  
  46  4:44  SCV  
  49  4:46  SCV  
  49  4:49  Marauder  
  49  4:50  Starport Tech Lab  
  49  4:51  Missile Turret  
  52  4:54  Missile Turret  
  52  4:56  SCV, Marine  
  53  5:02  Supply Depot, Marauder  
  51  5:10  Raven  
  51  5:12  Marauder  
  50  5:15  SCV  
  50  5:20  SCV  
  46  5:27  SCV  
  44  5:32  SCV  
  42  5:39  SCV  
  41  5:45  SCV  
  39  5:50  Marine  
  39  5:51  SCV  
  39  5:57  SCV  
  42  6:01  Marine  
  42  6:03  Marine  
  31  6:08  Marine  
  30  6:17  SCV  
  28  6:19  Marine  
  28  6:22  Marine  
Tags
 
Add a new tag
Caveats
  • Supply blocks, unpowered buildings, or Contaminate may cause inaccurate times.
  • Supply counts are checked every 10 seconds.